 Dungeon Crawl Stone Soup version 0.28.0-45-g0d030f2227 (webtiles) character file.

Game seed: 16049881126997202012

300 101zpm the Covered (level 6, -6/38 HPs)
             Began as a Gargoyle Fighter on Apr 10, 2022.
             Mangled by a two-headed ogre
             ... wielding a +0 dire flail
              (15 damage)
             ... on level 4 of the Dungeon.
             The game lasted 00:04:45 (4670 turns).

101zpm the Covered (Gargoyle Fighter)               Turns: 4670, Time: 00:04:45

Health: -6/38      AC: 14    Str: 22    XL:     6   Next: 36%
Magic:  6/6        EV:  9    Int:  8    God:
Gold:   157        SH:  4    Dex:  9    Spells: 5/5 levels left

rFire   . . .      SeeInvis .   a - +0 flail
rCold   . . .      Faith    .   c - +0 buckler
rNeg    + + .      Spirit   .   b - +0 scale mail
rPois   ∞          Reflect  .   (no helmet)
rElec   +          Harm     .   r - +0 cloak
rCorr   +          Rampage  .   (no gloves)
Will    .....                   l - +0 pair of boots
Stlth   ..........              (no amulet)
HPRegen 0.12/turn               e - ring of positive energy
MPRegen 0.10/turn               h - ring of resist corrosion

@: no status effects
A: sickness immunity, AC +4, negative energy resistance 1, electricity
resistance, torment resistance 1, petrification resistance
a: no special abilities


You were on level 4 of the Dungeon.
You visited 1 branch of the dungeon, and saw 4 of its levels.

You collected 157 gold pieces.

Inventory:

Hand Weapons
 a - a +0 flail (weapon)
 q - a +4 quarterstaff of chaos
Missiles
 n - 109 stones (quivered)
 o - 49 bolts
 s - 3 poisoned darts
Armour
 b - a +0 scale mail (worn)
 c - a +0 buckler (worn)
 l - a +0 pair of boots (worn)
 r - a +0 cloak (worn)
Jewellery
 e - a ring of positive energy (left hand)
 h - a ring of resist corrosion (right hand)
Scrolls
 f - 5 scrolls of identify {unknown}
 j - a scroll of acquirement {unknown}
 k - a scroll of enchant weapon {unknown}
Potions
 d - a potion of might
 g - a potion of flight {unknown}
 i - a potion of degeneration {unknown}
 m - a potion of heal wounds {unknown}
 p - a potion of brilliance {unknown}


   Skills:
 + Level 4.0 Fighting
 + Level 4.1 Maces & Flails
 + Level 4.8 Armour
 + Level 1.6 Dodging
 + Level 0.2 Stealth
 + Level 4.0 Shields


You had 5 spell levels left.
You didn't know any spells.
Your spell library contained the following spells:

 Spells                   Type           Power      Damage    Failure   Level
 Tukima's Dance           Hex            0%         N/A       99%         3
 Passage of Golubria      Tloc           0%         N/A       100%        4
 Yara's Violent Unravell  Hex/Tmut       0%         3d3       100%        5


Dungeon Overview and Level Annotations

Branches:
Dungeon (4/15)             Temple (0/1) D:4

Altars:
Dithmenos


Innate Abilities, Weirdness & Mutations

You are immune to sickness and miasma.
Your stone body is resilient. (AC +4)
You are immune to poison.
You resist negative energy. (rN+)
You are resistant to electric shocks. (rElec)
You are resistant to unholy torment.
You are immune to petrification.


Message History

There is an open door here.
You open the door.
A two-headed ogre comes into view.
It is wielding a +0 dire flail and a +0 giant club.
The two-headed ogre shouts in stereo!
Found a curved bronze wand.
There is an open door here.
The two-headed ogre hits you with a +0 dire flail.
The two-headed ogre closely misses you.
You see here a wand of polymorph (4).
You hit the two-headed ogre but do no damage.
You block the two-headed ogre's attack.
The two-headed ogre hits you with a +0 giant club.
You sock the two-headed ogre!
The two-headed ogre is lightly wounded.
The two-headed ogre closely misses you.
The two-headed ogre hits you with a +0 giant club.
You sock the two-headed ogre!
The two-headed ogre is moderately wounded.
The two-headed ogre hits you with a +0 dire flail!
The two-headed ogre hits you with a +0 giant club!
* * * LOW HITPOINT WARNING * * *
You are too injured to fight recklessly!
You are too injured to fight recklessly!
You are too injured to fight recklessly!
You are too injured to fight recklessly!
You are too injured to fight recklessly!
You are too injured to fight recklessly!
You are too injured to fight recklessly!
You are too injured to fight recklessly!
You are too injured to fight recklessly!
You are too injured to fight recklessly!
You are too injured to fight recklessly!
You are too injured to fight recklessly!
You are too injured to fight recklessly!
You are too injured to fight recklessly!
There is an open door here.
There is an open door here.
There is an escape hatch in the ceiling here.
The two-headed ogre hits you with a +0 dire flail!
You die...

.. #/# #. ##'##
###.##### ##...##
......[.# ##.....##
#...#.# ##.......#
##.....###.........#
#........'.........+
#.###....O######.###..#
#........@# #.# .##
######.#### ###.#####
#...# ####### #.###
##⌠.⌠## ##. #.# ##.>.##
#.. #.# ##⌠.⌠## #.. #.#
###'### #.. ###.#####
#.# #.. #.......# #.#
#..


You could see a two-headed ogre.

Vanquished Creatures
  A scorpion (D:3)
  Crazy Yiuf (D:2)
  An iguana (D:4)
  8 adders (D:3)
  4 river rats (D:3)
  An adder skeleton (D:4)
  2 worms (D:3)
  An orc (D:4)
  7 ball pythons
  10 endoplasms
  A giant cockroach (D:2)
  5 goblins
  5 hobgoblins
  12 jackals
  A kobold (D:2)
  A quokka (D:3)
  6 bats
  3 frilled lizards
  4 rats
74 creatures vanquished.

Vanquished Creatures (others)
  13 fungi
  8 plants (D:4)
21 creatures vanquished.

Grand Total: 95 creatures vanquished

Notes
Turn   | Place    | Note
-------+----------+-------------------------------------------
     0 | D:1      | 101zpm the Gargoyle Fighter began the quest for the Orb.
     0 | D:1      | Reached XP level 1. HP: 14/14 MP: 1/1
   147 | D:2      | Reached XP level 2. HP: 12/19 MP: 2/2
   555 | D:2      | Reached XP level 3. HP: 19/23 MP: 3/3
   899 | D:2      | Found a runed translucent door.
   900 | D:2      | Noticed Crazy Yiuf
  1494 | D:3      | Noticed a scorpion
  1499 | D:3      | Killed a scorpion
  1500 | D:3      | Reached skill level 1 in Dodging
  1500 | D:3      | Reached XP level 4. HP: 28/29 MP: 4/4
  1653 | D:3      | Reached XP level 5. HP: 33/33 MP: 5/5
  2706 | D:3      | Reached XP level 6. HP: 34/38 MP: 6/6
  3199 | D:1      | Found a faded altar of an unknown god.
  3968 | D:1      | You fall into a shaft and drop 1 floor!
  4074 | D:2      | Killed Crazy Yiuf
  4563 | D:4      | Found a shadowy altar of Dithmenos.
  4594 | D:4      | Found a staircase to the Ecumenical Temple.
  4654 | D:4      | Noticed a two-headed ogre
  4670 | D:4      | Mangled by a two-headed ogre

Illustrated notes

Levels and vault maps discovered:
D:1:      lightli_arrival_isolated_outpost, layout_loops_corners,
          hellmonk_ecumenical_altar_leap_of_faith
D:2:      layout_rooms, minmay_tetromino_t2, uniq_crazy_yiuf_cottage
D:3:      layout_loops_corners, lightli_sewer_entry_pipes, minmay_misc_feat_chi
D:4:      layout_loops_corners, mainiacjoe_overflow_cross_hatched,
          temple_doors_ab, serial_bayou, serial_bayou_pond_e,
          serial_bayou_shore_a, serial_bayou_ford_a, serial_bayou_lagoon_a

Skill      XL: |  1  2  3  4  5  6 |
---------------+-------------------+-----
Maces & Flails | 3 4 |  4.1
Dodging        | 1 |  1.6
Armour         | 4 |  4.8
Shields        | 4 |  4.0
Fighting       | 4 |  4.0
Stealth        | |  0.2

Action                   |  1- 3 |  4- 6 || total
-------------------------+-------+-------++-------
Melee: Flail             |   100 |   170 ||   270
Armor: Scale mail        |    51 |    81 ||   132
Dodge: Dodged            |    52 |    76 ||   128
Block: Buckler           |    18 |    37 ||    55
